 Dungeon Crawl Stone Soup version 0.31-a0-692-gf03d1854d5 (webtiles) character file.

Game seed: 10489934887686419988

1215 qw the Skirmisher (level 8, -5/50 HPs)
             Began as a Gargoyle Hunter on Sept 6, 2023.
             Was an Initiate of Okawaru.
             Killed by divine providence
             ... invoked by Jeremiah
              (12 damage)
             ... on level 6 of the Dungeon.
             The game lasted 00:01:55 (4909 turns).

qw the Skirmisher (Gargoyle Hunter)                 Turns: 4909, Time: 00:01:56

Health: -5/50      AC: 18    Str: 15    XL:     8   Next: 46%
Magic:  9/9        EV: 12    Int: 10    God:    Okawaru [......]
Gold:   35         SH:  0    Dex: 15    Spells: 7/7 levels left

rFire   . . .        Y - +0 orcbow (flame)
rCold   + . .        (shield currently unavailable)
rNeg    + . .        c - +0 steam dragon scales
rPois   inf          o - +1 helmet
rElec   +            (no cloak)
rCorr   .            (no gloves)
SInv    .            h - +0 pair of boots
Will    .....        (no amulet)
Stlth   ++           g - +4 ring of protection
HPRegen 0.28/turn    a - ring of protection from cold
MPRegen 0.11/turn

%: no passive effects
@: about to teleport
A: sickness immunity, AC +5, negative energy resistance 1, electricity
resistance, torment resistance 1, petrification resistance
a: Renounce Religion


You were on level 6 of the Dungeon.
You worshipped Okawaru.
Okawaru was noncommittal.
You visited 2 branches of the dungeon, and saw 7 of its levels.

You collected 281 gold pieces.
You spent 246 gold pieces at shops.


Innate Abilities, Weirdness & Mutations

You are immune to sickness and miasma.
Your stone body is resilient. (AC +5)
You are immune to poison.
You resist negative energy. (rN+)
You are resistant to electric shocks. (rElec)
You are resistant to unholy torment.
You are immune to petrification.


   Skills:
 + Level 5.6 Fighting
 - Level 9.0 Ranged Weapons
 - Level 2.1 Armour
 - Level 2.0 Dodging
 - Level 1.1 Stealth
 - Level 1.8 Invocations


You had 7 spell levels left.
You didn't know any spells.
Your spell library was empty.

Inventory:

Hand Weapons
 Y - a +0 orcbow of flaming (weapon)
Armour
 c - +0 steam dragon scales (worn)
 h - a +0 pair of boots (worn)
 o - a +1 helmet (worn)
 p - a +0 pair of gloves
Jewellery
 a - a ring of protection from cold (right hand)
 b - a ring of fire
 g - a +4 ring of protection (left hand)
 n - the ring of Moweg {Ice rN+ rCorr Stlth+}
   (You found it on level 6 of the Dungeon)

   [ring of ice]

   Ice:       It enhances your ice magic.
   rF-:       It makes you vulnerable to fire.
   rC+:       It protects you from cold.
   rN+:       It protects you from negative energy.
   rCorr:     It protects you from acid and corrosion.
   Stlth+:    It makes you more stealthy.
Scrolls
 e - 2 scrolls of enchant weapon {unknown}
 j - a scroll of teleportation
 k - a scroll of identify
 m - a scroll of blinking {unknown}
Potions
 d - 3 potions of curing
 f - a potion of might
 i - a potion of enlightenment {unknown}

Dungeon Overview and Level Annotations

Branches:
Dungeon (6/15)             Temple (1/1) D:4

Altars:
Ashenzari
Cheibriados
Dithmenos
Elyvilon
Fedhas
Gozag
Hepliaklqana
Kikubaaqudgha
Makhleb
Okawaru
Ru
Sif Muna
Trog
Uskayaw
Vehumet
Wu Jian
Yredelemnul
Zin
The Shining One

Shops:
D:1 ?   D:2 *   D:5 :[

Annotations:
D:6 Jeremiah


Message History

The butterfly disappears in a burst of colours!
Jeremiah hits you but does no damage.
Your surroundings suddenly seem different.
You start resting.
You feel like a meek peon again.
Magic restored.
You start resting.
Jeremiah is nearby!
You shoot an arrow.
Jeremiah shouts!
The arrow hits Jeremiah.
Jeremiah is moderately wounded.
The butterfly disappears in a burst of colours! x2
Jeremiah hops!
4896 ||| DROPPING +0 leather armour of the Unbearable God {rPois Str+3 Stlth+}.
You drop the +0 leather armour of the Unbearable God {rPois Str+3 Stlth+}.
You start resting.
The butterfly disappears in a burst of colours! x3
Jeremiah is nearby!
You shoot an arrow. The arrow hits Jeremiah.
Jeremiah is moderately wounded.
The butterfly disappears in a burst of colours! x3
You shoot an arrow. The arrow closely misses Jeremiah.
Jeremiah lets out a twisted cry.
Something smites you!
Jeremiah cries, "Fearful master, protect me!"
Something smites you!
4906 ||| READING 2 scrolls of teleportation.
As you read the scroll of teleportation, it crumbles to dust.
You feel strangely unstable.
Jeremiah hops!
You shoot an arrow. The arrow barely misses Jeremiah.
Jeremiah hits you but does no damage.
Jeremiah hits you from afar with a +2 trident of draining!
You shoot an arrow. The arrow hits Jeremiah!
The arrow burns Jeremiah.
Jeremiah is moderately wounded.
Jeremiah lets out a twisted cry.
Something smites you!
You die...
Jeremiah wails, "I didn't mean to kill anyone!
I'm not a murderer!"

## ##.#...#..#.#..#...#....
#.#...###...###...#....
##.#...#.......#...#....
###...###...###...###.....
#######....#.....#b..#.....#....
##..........#...###b..###...#....
......##....#..#bbF#.#...#..#....
....#####....###.bb#.#...###.....
....# #......#@..#.#...#.......
...## ##.##.bb###...###%.......
...# #.###.....#.#...........
#..# #.# ##....#.#...#.......
#..# #.# #.#..#.#..##....... #..#
#.# #..##...####....... #..##
##.# ##......# #.[..... #...##
##..# ###..<## ##......
##...###..## ##.%## .....#


You could see Jeremiah.

Vanquished Creatures
  A steam dragon (D:6)
  A water moccasin (D:5)
  An ice beast (D:5)
  3 ogres
  A centaur (D:4)
  A howler monkey (D:5)
  An orc priest (D:4)
  2 hounds (D:4)
  3 iguanas
  2 jellies
  A sleepcap (D:4)
  Ijyb (D:5)
  2 orc wizards (D:4)
  5 gnolls
  9 adders
  A worm (D:3)
  3 dart slugs
  9 orcs (D:4)
  5 ball pythons
  6 bats
  9 endoplasms
  6 giant cockroaches
  7 goblins
  5 hobgoblins
  4 jackals (D:1)
  5 kobolds
  2 quokkas
  4 frilled lizards
  A rat (D:3)
101 creatures vanquished.

Notes
Turn   | Place    | Note
-------+----------+-------------------------------------------
     0 | D:1      | qw the Gargoyle Hunter began the quest for the Orb.
     0 | D:1      | Reached XP level 1. HP: 12/12 MP: 1/1
     0 | D:1      | 0 ||| qw: Version: 0.3-a-76-g4403597
     0 | D:1      | 0 ||| qw: Game counter: 173
     0 | D:1      | 0 ||| qw: Melee chars always use a shield: true
     0 | D:1      | 0 ||| qw: God list: Okawaru
     0 | D:1      | 0 ||| qw: Allow faded altars: false
     0 | D:1      | 0 ||| qw: Do Orc after clearing Dungeon:15 true
     0 | D:1      | 0 ||| qw: Do second Lair branch before Depths: true
     0 | D:1      | 0 ||| qw: Lair rune preference: random
     0 | D:1      | 0 ||| qw: Goals: Normal
     0 | D:1      | 0 ||| PLANNING D:1-11
   154 | D:1      | Reached XP level 2. HP: 17/17 MP: 2/2
   292 | D:1      | Found Vepim's Magic Scroll Boutique.
   302 | D:1      | 302 ||| SHOPLISTING scroll of enchant armour (82 gold, have
                  | 10).
   302 | D:1      | 302 ||| SHOPLISTING scroll of enchant weapon (82 gold, have
                  | 10).
   302 | D:1      | 302 ||| SHOPLISTING scroll of identify (22 gold, have 10).
   302 | D:1      | 302 ||| SHOPLISTING scroll of teleportation (33 gold, have
                  | 10).
   350 | D:1      | Reached XP level 3. HP: 18/21 MP: 3/3
   357 | D:1      | HP: 5/21 [jackal (2)]
   360 | D:1      | Reached skill level 5 in Ranged Weapons
   609 | D:1      | 609 ||| UPGRADING to +4 ring of protection.
   610 | D:1      | 610 ||| READING 2 scrolls labelled YCHASU MOPAY.
   611 | D:1      | 611 ||| DRINKING 2 fizzy yellow potions.
   612 | D:1      | 612 ||| DROPPING scroll of butterflies.
   869 | D:2      | Found Ohuacump's Assorted Antiques.
   877 | D:2      | 877 ||| SHOPLISTING 3 scrolls labelled WOEMAO JOUKH (69
                  | gold, have 36).
   877 | D:2      | 877 ||| SHOPLISTING brass ring (115 gold, have 36).
   877 | D:2      | 877 ||| BUYING scroll labelled WOEMAO JOUKH (23 gold).
   877 | D:2      | Bought a scroll labelled WOEMAO JOUKH for 23 gold pieces
   877 | D:2      | 877 ||| SHOPLISTING scroll labelled WOEMAO JOUKH (23 gold,
                  | have 13).
  1217 | D:2      | Reached skill level 3 in Fighting
  1298 | D:2      | Reached XP level 4. HP: 28/28 MP: 4/4
  1307 | D:2      | 1307 ||| READING scroll labelled VEUTONURUR.
  1311 | D:2      | 1311 ||| READING scroll labelled WOEMAO JOUKH.
  1813 | D:3      | Found an opulent altar of Gozag.
  1814 | D:3      | Found a broken altar of Ashenzari.
  1945 | D:3      | 1945 ||| UPGRADING to +0 pair of boots.
  1950 | D:3      | 1950 ||| UPGRADING to +0 helmet.
  1955 | D:3      | 1955 ||| READING scroll of enchant armour.
  1955 | D:3      | 1955 ||| ENCHANTING +0 helmet.
  1956 | D:3      | 1956 ||| READING scroll labelled SACYSE VOEBA.
  1957 | D:3      | 1957 ||| READING scroll labelled GUZULIXZOE.
  1958 | D:3      | 1958 ||| READING scroll labelled WACRICR OBAI.
  1959 | D:3      | 1959 ||| DRINKING 2 metallic pink potions.
  1960 | D:3      | 1960 ||| DRINKING 2 clear potions.
  1986 | D:3      | 1986 ||| DROPPING potion of magic.
  1987 | D:3      | 1987 ||| DROPPING potion of lignification.
  2018 | D:4      | Noticed a centaur
  2021 | D:4      | 2021 ||| STAIRDANCE
  2035 | D:4      | 2035 ||| STAIRDANCE
  2067 | D:4      | 2067 ||| STAIRDANCE
  2074 | D:3      | Reached XP level 5. HP: 31/32 MP: 5/5
  2078 | D:3      | Reached skill level 1 in Armour
  2090 | D:4      | Killed a centaur
  2091 | D:4      | Reached skill level 6 in Ranged Weapons
  2111 | D:4      | 2111 ||| SWAPPING to +0 orcbow of flaming.
  2112 | D:4      | 2112 ||| DROPPING +0 shortbow.
  2138 | D:4      | 2138 ||| Stepping ~*~*~tactically~*~*~ (outnumbered).
  2139 | D:4      | 2139 ||| Stepping ~*~*~tactically~*~*~ (outnumbered).
  2142 | D:4      | 2142 ||| Stepping ~*~*~tactically~*~*~ (outnumbered).
  2144 | D:4      | 2144 ||| Stepping ~*~*~tactically~*~*~ (outnumbered).
  2149 | D:4      | Reached XP level 6. HP: 33/38 MP: 6/6
  2341 | D:4      | Reached skill level 7 in Ranged Weapons
  2455 | D:4      | 2455 ||| Stepping ~*~*~tactically~*~*~ (outnumbered).
  2457 | D:4      | 2457 ||| Stepping ~*~*~tactically~*~*~ (outnumbered).
  2460 | D:4      | 2460 ||| Stepping ~*~*~tactically~*~*~ (outnumbered).
  2595 | D:4      | Reached XP level 7. HP: 43/43 MP: 7/7
  2677 | D:4      | Found a staircase to the Ecumenical Temple.
  2678 | D:4      | 2678 ||| PLANNING TEMPLE
  2678 | D:4      | 2678 ||| UPGRADING to +0 ring mail.
  2688 | D:4      | 2688 ||| DROPPING +0 leather armour.
  2689 | D:4      | 2689 ||| READING scroll labelled EKOATY BUTALU.
  2690 | D:4      | 2690 ||| DRINKING 2 glowing white potions.
  2697 | Temple   | Entered the Ecumenical Temple
  2698 | Temple   | 2698 ||| PLANNING OKAWARU WORSHIP
  2703 | Temple   | Became a worshipper of Warmaster Okawaru
  2704 | Temple   | 2704 ||| PLANNING D:1-11
  2753 | D:4      | 2753 ||| READING 2 scrolls of identify.
  2753 | D:4      | 2753 ||| IDENTIFYING bubbling blue potion
  2754 | D:4      | 2754 ||| DROPPING potion of ambrosia.
  2761 | D:5      | Entered Level 5 of the Dungeon
  2761 | D:5      | Noticed Ijyb
  2766 | D:5      | 2766 ||| STAIRDANCE
  2790 | D:5      | 2790 ||| STAIRDANCE
  2873 | D:5      | Killed Ijyb
  2874 | D:5      | 2874 ||| STAIRDANCE
  3032 | D:5      | Found a basalt altar of Yredelemnul.
  3127 | D:5      | Found Zengoc's Book Shop.
  3179 | D:5      | Reached skill level 8 in Ranged Weapons
  3235 | D:5      | Reached * piety under Okawaru
  3236 | D:5      | Reached XP level 8. HP: 48/48 MP: 8/8
  3657 | D:5      | Reached skill level 1 in Invocations
  3667 | D:5      | 3667 ||| INVOKING Heroism.
  3697 | D:5      | Found a white marble altar of Elyvilon.
  3759 | D:5      | Found Hinuyps's Armour Emporium.
  3764 | D:5      | 3764 ||| BUYING +0 leather armour of the Unbearable God
                  | {rPois Str+3 Stlth+} (223 gold).
  3764 | D:5      | Bought the +0 leather armour of the Unbearable God {rPois
                  | Str+3 Stlth+} for 223 gold pieces
  3764 | D:5      | 3764 ||| SHOPLISTING +0 pair of gloves (45 gold, have 3).
  3764 | D:5      | 3764 ||| SHOPLISTING +2 leather armour of positive energy
                  | (160 gold, have 3).
  3764 | D:5      | 3764 ||| SHOPLISTING +3 crown of Dyrovepreva {rElec Int+2
                  | SInv} (414 gold, have 3).
  4195 | D:5      | 4195 ||| UPGRADING to +0 leather armour of the Unbearable
                  | God {rPois Str+3 Stlth+}.
  4205 | D:5      | 4205 ||| DROPPING +0 ring mail.
  4206 | D:5      | 4206 ||| UPGRADING to ring of protection from cold.
  4207 | D:5      | 4207 ||| READING 2 scrolls of identify.
  4207 | D:5      | 4207 ||| IDENTIFYING fuming ruby potion
  4208 | D:5      | 4208 ||| DROPPING potion of brilliance.
  4244 | D:6      | 4244 ||| FLEEEEING.
  4247 | D:6      | 4247 ||| FLEEEEING.
  4248 | D:6      | 4248 ||| FLEEEEING.
  4249 | D:6      | 4249 ||| FLEEEEING.
  4250 | D:6      | 4250 ||| STAIRDANCE
  4319 | D:6      | 4319 ||| INVOKING Heroism.
  4322 | D:6      | Reached skill level 9 in Ranged Weapons
  4346 | D:6      | 4346 ||| STAIRDANCE
  4564 | D:6      | Identified the ring of Moweg {Ice rN+ rCorr Stlth+}
  4630 | D:6      | 4630 ||| INVOKING Heroism.
  4659 | D:6      | Noticed Jeremiah
  4667 | D:6      | 4667 ||| FLEEEEING.
  4688 | D:6      | 4688 ||| FLEEEEING.
  4804 | D:6      | 4804 ||| UPGRADING to +0 steam dragon scales.
  4817 | D:6      | 4817 ||| INVOKING Heroism.
  4822 | D:6      | HP: 12/50 [Jeremiah/divine providence (15)]
  4823 | D:6      | 4823 ||| READING 3 scrolls of teleportation.
  4896 | D:6      | 4896 ||| DROPPING +0 leather armour of the Unbearable God
                  | {rPois Str+3 Stlth+}.
  4905 | D:6      | HP: 12/50 [Jeremiah/divine providence (10)]
  4906 | D:6      | 4906 ||| READING 2 scrolls of teleportation.
  4909 | D:6      | Killed from afar by Jeremiah

Levels and vault maps discovered:
D:1:      minmay_arrival_jagged, layout_rooms, serial_shops, shop
D:2:      layout_basic, serial_shops, shop
D:3:      minmay_skewed_foursquare, layout_basic,
          gammafunk_temple_overflow_statue, chequers_serial_rivers_micro_e
D:4:      layout_cave_pools, minmay_temple_entry_butterflies,
          minmay_misc_feat_enclosed, corexii_shack, bh_walls_and_bars
D:5:      layout_layer_cave, kennysheep_ying_yang, serial_shops,
          nicolae_shop_statue_plus, kennysheep_little_box,
          hangedman_decor_lopped, uniq_ijyb
D:6:      layout_layer_cave, grunt_nemelex_the_gamble, nicolae_titane,
          uniq_crazy_yiuf_cottage, uniq_jeremiah
Temple:   hellmonk_temple_two_chambers

Skill      XL: |  1  2  3  4  5  6  7  8 |
---------------+-------------------------+-----
Ranged Weapons | 5 6 7 8 9 |  9.0
Fighting       | 3 4 5 |  5.6
Armour         | 1 2 |  2.1
Dodging        | 2 |  2.0
Invocations    | 1 |  1.8
Stealth        | |  1.1

Action                     |  1- 3 |  4- 6 |  7- 9 || total
---------------------------+-------+-------+-------++-------
   Fire: Shortbow          |   107 |    84 |       ||   191
         Orcbow            |       |    74 |   113 ||   187
 Invoke: Heroism           |       |       |     4 ||     4
    Use: Scroll            |     1 |     6 |     5 ||    12
         Potion            |     1 |     2 |     1 ||     4
 Armour: Leather armour    |    36 |    50 |    12 ||    98
         Ring mail         |       |       |    36 ||    36
         Steam dragon scal |       |       |     6 ||     6
  Dodge: Dodged            |    31 |    46 |    27 ||   104

Table legend:
 A = Non-vault XP
 B = Vault XP
 C = Vault XP percentage of total XP
 D = Non-vault monster count
 E = Vault monster count
 F = Vault count percentage of total count
                 A         B        C        D         E       F
            +---------+---------+-------+---------+---------+-------
      Total |    1676 |      60 |   3.5 |      93 |       8 |   7.9
            +---------+---------+-------+---------+---------+-------
        D:1 |      39 |       0 |   0.0 |      15 |       0 |   0.0
        D:2 |      47 |       0 |   0.0 |      13 |       0 |   0.0
        D:3 |      62 |      24 |  27.9 |      22 |       7 |  24.1
        D:4 |     494 |       0 |   0.0 |      29 |       0 |   0.0
        D:5 |     617 |      36 |   5.5 |       7 |       1 |  12.5
        D:6 |     417 |       0 |   0.0 |       7 |       0 |   0.0
            +---------+---------+-------+---------+---------+-------
